 Dungeon Crawl Stone Soup version 0.22-a0-354-g30dfbe6 (webtiles) character file.

551 Kairos the Conjurer (level 7, -2/48 HPs)
             Began as a Human Conjurer on Apr 16, 2018.
             Slain by Duvessa
             ... wielding a +0 short sword
              (15 damage)
             ... on level 4 of the Dungeon.
             The game lasted 00:15:10 (5700 turns).

Kairos the Conjurer (Human Conjurer)                Turns: 5700, Time: 00:15:11

Health: -2/48      AC:  6    Str: 10    XL:     7   Next: 54%
Magic:  5/12       EV: 13    Int: 15    God:
Gold:   172        SH:  0    Dex: 14    Spells: 7/13 levels left

rFire    . . .     SeeInvis .   g - +1 short sword (venom)
rCold    . . .     Gourm    .   (no shield)
rNeg     . . .     Faith    .   s - +0 leather armour
rPois    .         Spirit   .   t - +0 helmet
rElec    .         Reflect  .   (no cloak)
rCorr    .         Harm     .   (no gloves)
MR       .....                  x - +1 pair of boots
Stlth    ++........             (no amulet)
HPRegen  0.16/turn              (no ring)
MPRegen  0.13/turn              (no ring)

@: very slightly contaminated
A: no striking features
a: no special abilities


You were on level 4 of the Dungeon.
You were not hungry.

You visited 1 branch of the dungeon, and saw 4 of its levels.

You collected 172 gold pieces.

Inventory:

Hand Weapons
 d - a +0 club
 f - a +0 hand axe
 g - a +1 short sword of venom (weapon)
Armour
 a - a +0 robe
 s - a +0 leather armour (worn)
 t - a +0 helmet (worn)
 x - a +1 pair of boots (worn)
Wands
 v - a wand of digging (16)
 w - a wand of scattershot (3)
Scrolls
 b - 2 scrolls of remove curse {unknown}
 e - 2 scrolls of enchant weapon {unknown}
 h - 3 scrolls of teleportation {unknown}
 i - 2 scrolls of enchant armour {unknown}
 l - 4 scrolls of identify {unknown}
 u - a scroll of random uselessness {unknown}
 y - a scroll of amnesia {unknown}
Potions
 j - a potion of brilliance {unknown}
 k - a potion of lignification {unknown}
 n - a potion of heal wounds {unknown}
 o - 3 potions of flight {unknown}
 p - a potion of invisibility {unknown}
 q - a potion of agility {unknown}
 r - 2 potions of degeneration {unknown}
Comestibles
 c - 3 rations


   Skills:
 + Level 1.0 Fighting
 + Level 2.2 Short Blades
 + Level 1.7 Armour
 + Level 3.3 Dodging
 + Level 3.0 Stealth
 + Level 3.7 Spellcasting
 + Level 5.9 Conjurations


You had 7 spell levels left.
You knew the following spells:

 Your Spells              Type           Power        Failure   Level  Hunger
a - Magic Dart            Conj           ###.         2%          1    None
b - Searing Ray           Conj           ###...       3%          2    ##.....
c - Dazzling Spray        Conj/Hex       ##....       22%         3    ###....


Dungeon Overview and Level Annotations

Branches:
Dungeon (4/15)
 Temple: D:4-7

Altars:
Yredelemnul

Annotations:
D:4 Duvessa


Message History

Duvessa barely misses you.
It was a potion of curing.
You feel better. Duvessa closely misses you. Duvessa barely misses you.
Aiming: Scattershot
Press: ? - help, Shift-Dir - straight line, f/p - Duvessa
Aim: Duvessa, wielding a short sword and wearing a ring mail (moderately wounded, berserk, fast, unusually strong)
The burst of metal fragments hits Duvessa. x4
Duvessa is heavily wounded.
Duvessa closely misses you.
Aiming: Scattershot
Press: ? - help, Shift-Dir - straight line, f/p - Duvessa
Aim: Duvessa, wielding a short sword and wearing a ring mail (heavily wounded, berserk, fast, unusually strong)
The burst of metal fragments hits Duvessa. x4
Duvessa is heavily wounded.
Duvessa hits you with a short sword!
* * * LOW HITPOINT WARNING * * *
Duvessa hits you with a short sword.
* * * LOW HITPOINT WARNING * * *
You feel better. Duvessa hits you with a short sword!
You die...

.. §♣♣##e.....#'##...# #..
. ♣ #.............## #.. P
#..............# #..
P..#.####.........# #..
...P.####.........# #.#
..♣P.............## #.# P
♣.......#)#....# #.# .♣
#.......#e#....# #.# ..
##......#@#....# #.# ♣.
#......#.###### #.# ..
#......#.##############.# .
.♣#.######................#
. P..# #.################
.. ♣#..# #.# #.........#
..♣♣♣♣♣...# #># #.#######.#
P..♣.P.♣#.# #.# #.# #.#
.♣P..P.♣..# #.# #.# #.#


You could see Duvessa (berserk).

Vanquished Creatures
  Dowan (D:4)
  A hound (D:4)
  2 orc priests (D:4)
  2 orc wizards
  A bullfrog skeleton (D:4)
  A worker ant (D:4)
  Natasha (thrice) (D:3)
  6 gnolls
  7 adders
  An adder skeleton (D:4)
  5 worms
  2 dart slugs
  10 orcs
  2 ball pythons (D:3)
  3 giant cockroaches
  7 goblins
  3 hobgoblins
  2 jackals
  6 quokkas
  6 bats
  4 frilled lizards
  8 kobolds
  12 rats
95 creatures vanquished.

Notes
Turn   | Place    | Note
-------+----------+-------------------------------------------
     0 | D:1      | Kairos the Human Conjurer began the quest for the Orb.
     0 | D:1      | Reached XP level 1. HP: 13/13 MP: 3/3
   260 | D:1      | Reached XP level 2. HP: 19/19 MP: 0/5
   914 | D:2      | Reached XP level 3. HP: 13/24 MP: 6/6
  1318 | D:1      | HP: 1/24 [worm (11)]
  1622 | D:2      | Reached XP level 4. HP: 30/30 MP: 4/7
  1740 | D:2      | Found a basalt altar of Yredelemnul.
  2278 | D:3      | Reached XP level 5. HP: 36/36 MP: 5/8
  2291 | D:3      | Reached skill level 1 in Short Blades
  2432 | D:3      | Reached skill level 5 in Conjurations
  3030 | D:3      | Reached XP level 6. HP: 36/42 MP: 6/10
  3124 | D:3      | Learned a level 2 spell: Searing Ray
  3128 | D:3      | Learned a level 3 spell: Dazzling Spray
  3139 | D:3      | Noticed Natasha
  3151 | D:3      | Killed Natasha
  3209 | D:3      | Noticed Natasha
  3215 | D:3      | Killed Natasha
  3613 | D:3      | Noticed Natasha
  3617 | D:3      | Killed Natasha
  3617 | D:3      | Reached skill level 1 in Fighting
  3930 | D:3      | Reached skill level 1 in Armour
  4205 | D:4      | Reached XP level 7. HP: 17/48 MP: 0/12
  5254 | D:4      | Noticed Dowan
  5289 | D:4      | Killed Dowan
  5593 | D:4      | Noticed Duvessa
  5700 | D:4      | Slain by Duvessa

Vault maps used:
D:1:      minmay_arrival_stone_box
D:2:      yredelemnul_altar_generic
D:3:      minmay_liquid_box, uniq_natasha
D:4:      wad_woods_tower, uniq_duvessa

Skill      XL: |  1  2  3  4  5  6  7 |
---------------+----------------------+-----
Short Blades   | 1 2 |  2.2
Conjurations   | 5 |  5.9
Dodging        | 3 |  3.3
Spellcasting   | 3 |  3.7
Fighting       | 1 |  1.0
Armour         | 1 |  1.7
Stealth        | 3 |  3.0

Action                   |  1- 3 |  4- 6 |  7- 9 || total
-------------------------+-------+-------+-------++-------
Melee: Hand axe          |     9 |       |       ||     9
       Short sword       |    38 |    57 |       ||    95
 Cast: Magic Dart        |    56 |   140 |    18 ||   214
       Searing Ray       |       |    13 |    13 ||    26
Evoke: Wand              |       |       |     4 ||     4
  Use: Potion            |       |       |     2 ||     2
 Stab: Sleeping          |     1 |       |       ||     1
  Eat: Chunk             |     2 |    11 |     3 ||    16
       Ration            |       |       |     1 ||     1
Armor: Robe              |    19 |     1 |       ||    20
       Leather armour    |       |    23 |     2 ||    25
Dodge: Dodged            |    69 |    79 |    21 ||   169

Table legend:
 A = Spawn XP
 B = Non-spawn XP
 C = Spawn XP percentage of total XP
 D = Spawn monster count
 E = Non-spawn monster count
 F = Spawn count percentage of total count
 G = Total turns spent on level
                    A         B        C        D         E        F      G
               +---------+---------+-------+---------+---------+-------+---------
         Total |       0 |     788 |   0.0 |       0 |      95 |   0.0 |  5700
               +---------+---------+-------+---------+---------+-------+---------
           D:1 |       0 |      50 |   0.0 |       0 |      21 |   0.0 |  1532
           D:2 |       0 |      88 |   0.0 |       0 |      23 |   0.0 |   718
           D:3 |       0 |     291 |   0.0 |       0 |      33 |   0.0 |  1731
           D:4 |       0 |     359 |   0.0 |       0 |      18 |   0.0 |  1719
               +---------+---------+-------+---------+---------+-------+---------
